 Dungeon Crawl Stone Soup version 0.31-a0-177-g4aa6249778 (webtiles) character file.

Game seed: 7763668285933534266

377 Gargoyl the Chopper (level 6, -1/39 HPs)
             Began as a Gargoyle Berserker on June 19, 2023.
             Was a Believer of Trog.
             Slain by an iguana (7 damage)
             ... on level 4 of the Dungeon.
             The game lasted 00:03:34 (3398 turns).

Gargoyl the Chopper (Gargoyle Berserker)            Turns: 3398, Time: 00:03:35

Health: -1/39      AC: 11    Str: 20    XL:     6   Next: 73%
Magic:  6/6        EV: 11    Int:  8    God:    Trog [**....]
Gold:   213        SH:  0    Dex: 11    Spells: 5/5 levels left

rFire   + . .        a - +0 hand axe
rCold   + . .        (no shield)
rNeg    + . .        p - +0 ring mail
rPois   ∞            j - +0 helmet
rElec   +            m - scarf {repulsion}
rCorr   .            (no gloves)
SInv    .            (no boots)
Will    .....        (no amulet)
Stlth   +            d - ring of protection from fire
HPRegen 0.26/turn    g - ring of protection from cold
MPRegen 0.10/turn

%: repel missiles
@: no status effects
A: sickness immunity, AC +4, negative energy resistance 1, electricity
resistance, torment resistance 1, petrification resistance
a: Renounce Religion, Berserk, Trog's Hand


You were on level 4 of the Dungeon.
You worshipped Trog.
Trog was pleased with you.
You visited 1 branch of the dungeon, and saw 6 of its levels.

You collected 213 gold pieces.

Inventory:

Hand Weapons
 a - a +0 hand axe (weapon)
Armour
 j - a +0 helmet (worn)
 m - a scarf of repulsion (worn)
 p - a +0 ring mail (worn)
Jewellery
 d - a ring of protection from fire (left hand)
 g - a ring of protection from cold (right hand)
Scrolls
 h - 2 scrolls of identify
Potions
 c - 3 potions of curing
 e - a potion of lignification {unknown}
 f - a potion of resistance {unknown}
 i - 2 potions of heal wounds {unknown}
 k - a potion of invisibility {unknown}
 l - a potion of haste {unknown}
 n - a potion of ambrosia {unknown}


   Skills:
 + Level 4.6 Fighting
 + Level 5.0 Axes
 + Level 2.4 Armour
 + Level 3.2 Dodging
 + Level 1.0 Stealth


You had 5 spell levels left.
You didn't know any spells.
Your spell library was empty.

Dungeon Overview and Level Annotations

Branches:
Dungeon (6/15)
 Temple: D:4-7

Altars:
Dithmenos

Annotations:
D:4 3 runed translucent doors, Eddy6969's ghost, amateur DrCj; Voker57's ghost, amateur DsMo


Innate Abilities, Weirdness & Mutations

You are immune to sickness and miasma.
Your stone body is resilient. (AC +4)
You are immune to poison.
You resist negative energy. (rN+)
You are resistant to electric shocks. (rElec)
You are resistant to unholy torment.
You are immune to petrification.


Message History

The iguana is moderately wounded.
The iguana barely misses you.
You barely miss the iguana.
The iguana is moderately wounded.
The iguana bites you.
You hit the iguana.
The iguana is moderately wounded.
The iguana bites you!
You hit the iguana but do no damage.
The iguana is moderately wounded.
The iguana barely misses you.
You hit the iguana but do no damage.
The iguana is moderately wounded.
The iguana bites you.
You hit the iguana.
The iguana is moderately wounded.
The iguana closely misses you.
You hit the iguana but do no damage.
The iguana is moderately wounded.
The iguana barely misses you.
You barely miss the iguana.
The iguana is moderately wounded.
The iguana bites you but does no damage.
You barely miss the iguana.
The iguana is moderately wounded.
The iguana bites you!
You hit the iguana but do no damage.
The iguana is moderately wounded.
The iguana misses you.
You hit the iguana.
The iguana is heavily wounded.
The iguana bites you!
* * * LOW HITPOINT WARNING * * *
You closely miss the iguana.
The iguana is heavily wounded.
The iguana bites you but does no damage.
You hit the iguana.
The iguana is severely wounded.
The iguana bites you!
You die...

#### ## #.. .# . #.# .#
.##########
##.###.###.#.@l...... ##
####....#.....#.#######.
.. ..##....#.....#.# ###
..##..........#.# ### ...
..##......##..#.# ... ####
........[.# #.# #.# #
####... ########..# .#)#
#.#.# ....... ....#
#=.###.#.###.#.####.##.###
...[#
#......#..................


You could see an iguana.

Vanquished Creatures
  Sigmund (D:5)
  A hound (D:6)
  A jelly (D:4)
  An iguana (D:4)
  Robin (D:2)
  5 adders
  2 worms (D:4)
  A dart slug (D:1)
  2 orcs
  4 endoplasms
  A giant cockroach (D:1)
  17 goblins
  7 hobgoblins
  7 jackals
  2 quokkas (D:2)
  2 ball pythons
  4 bats
  A frilled lizard (D:3)
  4 kobolds
  3 rats
67 creatures vanquished.

Notes
Turn   | Place    | Note
-------+----------+-------------------------------------------
     0 | D:1      | Gargoyl the Gargoyle Berserker began the quest for the Orb.
     0 | D:1      | Reached XP level 1. HP: 14/14 MP: 1/1
   161 | D:1      | Reached XP level 2. HP: 19/19 MP: 2/2
   166 | D:1      | Reached skill level 3 in Axes
  1037 | D:2      | Reached XP level 3. HP: 12/24 MP: 3/3
  1210 | D:2      | Noticed Robin
  1217 | D:2      | Killed Robin
  1236 | D:2      | Reached ** piety under Trog
  1237 | D:2      | Reached XP level 4. HP: 22/29 MP: 4/4
  2106 | D:3      | You fall into a shaft and drop 3 floors!
  2182 | D:5      | Entered Level 5 of the Dungeon
  2182 | D:5      | Noticed Sigmund
  2193 | D:5      | Killed Sigmund
  2194 | D:5      | Reached skill level 4 in Axes
  2194 | D:5      | Reached XP level 5. HP: 34/34 MP: 5/5
  2194 | D:5      | Reached XP level 6. HP: 39/39 MP: 6/6
  2357 | D:4      | Found a runed translucent gate.
  2357 | D:4      | Found a runed translucent gate.
  2357 | D:4      | Found a runed translucent gate.
  2361 | D:4      | Noticed Eddy6969's ghost (amateur DrCj)
  2361 | D:4      | Noticed Voker57's ghost (amateur DsMo)
  2548 | D:3      | Found a faded altar of an unknown god.
  3032 | D:4      | Reached skill level 1 in Stealth
  3182 | D:4      | Found a shadowy altar of Dithmenos.
  3227 | D:4      | Identified the +2 sling "Newt's Death" {freeze, Fragile
                  | rElec Will+ Str+2}
  3321 | D:4      | Reached skill level 5 in Axes
  3398 | D:4      | Slain by an iguana

Illustrated notes

Levels and vault maps discovered:
D:1:      amcnicky_arrival_choice, layout_basic, minmay_misc_feat_encased,
          grunt_decor_clamped
D:2:      layout_basic, st_stairs_5, uniq_robin
D:3:      layout_basic, hellmonk_ecumenical_altar_prayer_group
D:4:      layout_basic, lemuel_crystal_altar, gammafunk_ghost_cemetery,
          roderic_roman_lattice, dreamdust_princess_bridge,
          grunt_decor_arrowhead
D:5:      layout_gridville, minmay_temple_entry_ruins, uniq_sigmund,
          uniq_eustachio
D:6:      layout_cave_pools, uniq_duvessa

Skill      XL: |  1  2  3  4  5  6 |
---------------+-------------------+-----
Axes           | 3 4 5 |  5.0
Fighting       | 4 |  4.6
Dodging        | 2 3 |  3.2
Stealth        | 1 |  1.0
Armour         | |  2.4

Action                     |  1- 3 |  4- 6 || total
---------------------------+-------+-------++-------
  Melee: Hand axe          |    92 |   162 ||   254
         Punch             |       |     1 ||     1
 Invoke: Berserk           |     1 |     4 ||     5
         Trog's Hand       |       |     2 ||     2
    Use: Scroll            |     1 |     2 ||     3
 Armour: Animal skin       |    38 |    66 ||   104
         Ring mail         |       |    24 ||    24
  Dodge: Dodged            |    63 |   134 ||   197

Table legend: (Time is in decaauts)
 A = Elapsed time spent in this place.
 B = Non-inter-level travel time spent in this place.
 C = Inter-level travel time spent in this place.
 D = Time resting spent in this place.
 E = Time spent auto-exploring this place.
 F = Levels seen in this place.
 G = Mean time per level.
                   A        B        C        D        E       F      G
               +--------+--------+--------+--------+--------+-----+--------+
         Total |   3473 |   3378 |     95 |    105 |   2515 |   6 |  578.8 |
       Dungeon |   3473 |   3378 |     95 |    105 |   2515 |   6 |  578.8 |
               +--------+--------+--------+--------+--------+-----+--------+

Top non-repeatable levels by time:
     D:2: 1059 daAuts
     D:1: 857 daAuts
     D:3: 705 daAuts
     D:4: 614 daAuts
     D:6: 144 daAuts
     D:5: 91 daAuts
